AoeStats
← ogipochi_

Oasis

508848847Analyzed
3v3 RM · 9d ago on Sep 24, 2026· 46m 56s· 6 players
Game mode
Random Map
Map size
Normal (6 player)
Population
200
Speed
Normal
Resources
Standard
Victory
Conquest
Starting age
Dark Age
Ending age
Imperial Age
RankedLock teamsTeams togetherTeam positionsShared explorationLock speedFull tech treeHidden civsTurbo modeCheats
Victory
Defeat
🇨🇳 Slavs · China
895
+12
🇦🇺 Mongols · Australia
878
+13
🇧🇷 Chinese · Brazil
761
+19
🇨🇳 Spanish · China
820
-15
🇩🇰 Bulgarians · Denmark
815
-15
🇯🇵 Varangians · Japan
800
-14
ogipochi_
9:08 Loom
11:25 Feudal Age
12:45 Gold Mining
12:41 Double-Bit Axe
12:47 Stone Mining
13:38 Wheelbarrow
14:59 Bloodlines
16:44 Horse Collar
18:12 Forging
18:56 Scale Barding Armor
21:49 Castle Age
22:55 Bow Saw
22:49 Husbandry
23:28 Iron Casting
23:00 Scale Barding Armor
23:34 Iron Casting
23:58 Stone Shaft Mining
28:19 Vendel Legacy
30:28 Caravan
33:50 Imperial Age
32:15 Heavy Plow
33:07 Chain Barding Armor
34:11 Hand Cart
34:02 Arson
34:18 Squires
34:03 Gambesons
34:24 Scale Mail Armor
34:39 Fortified Wall
36:14 Blast Furnace
36:49 Plate Barding Armor
36:38 Conscription
35:42 Gothikon
35:58 Elite Jarl
39:15 Chemistry
37:58 Elite Skirmisher
38:42 Padded Archer Armor
38:33 Fletching
39:33 Leather Archer Armor
40:44 Ring Archer Armor
40:09 Bodkin Arrow
40:37 Ballistics
41:57 Bracer
42:43 Elite Varangian Guard
Brabus88
0:40 Loom
14:12 Feudal Age
15:56 Wheelbarrow
15:08 Double-Bit Axe
15:06 Horse Collar
16:02 Stone Mining
25:24 Castle Age
26:19 Hand Cart
27:51 Caravan
28:17 Bow Saw
32:00 Heavy Plow
34:18 Forging
34:08 Scale Mail Armor
37:22 Iron Casting
37:02 Chain Mail Armor
36:53 Scale Barding Armor
40:03 Imperial Age
42:54 Elite Konnik
45:52 Stirrups
46:21 Chain Barding Armor
Klaus
1:45 Loom
15:48 Feudal Age
16:51 Town Watch
21:47 Castle Age
19:34 Horse Collar
20:39 Double-Bit Axe
26:17 Gold Mining
32:51 Wheelbarrow
33:46 Bloodlines
33:36 Husbandry
35:42 Padded Archer Armor
40:13 Imperial Age
37:41 Stone Mining
37:53 Heavy Plow
38:11 Bow Saw
38:18 Fortified Wall
38:43 Leather Archer Armor
39:58 Fletching
40:16 Murder Holes
45:45 Ring Archer Armor
47:32 Chemistry
46:57 Hand Cart
BOLLOTHAMUS
11:28 Feudal Age
12:07 Double-Bit Axe
13:54 Horse Collar
17:44 Castle Age
20:21 Bow Saw
21:44 Wheelbarrow
21:05 Fletching
21:21 Scale Barding Armor
22:27 Stone Mining
24:32 Stone Shaft Mining
26:06 Hand Cart
25:37 Loom
25:59 Gold Mining
27:13 Heavy Plow
28:05 Gold Shaft Mining
28:17 Ballistics
32:54 Imperial Age
31:06 Caravan
31:33 Bloodlines
31:23 Husbandry
31:37 Thumb Ring
32:07 Town Watch
33:19 Bodkin Arrow
33:45 Chain Barding Armor
34:05 Bracer
34:29 Conscription
34:06 Elite Mangudai
36:36 Chemistry
36:05 Parthian Tactics
38:06 Nomads
41:39 Elite Steppe Lancer
42:35 Forging
cjf_1
13:28 Feudal Age
14:29 Man-at-Arms
20:22 Castle Age
18:17 Double-Bit Axe
18:37 Horse Collar
20:43 Forging
20:56 Gold Mining
22:58 Long Swordsman
23:39 Squires
28:00 Wheelbarrow
27:30 Stone Mining
27:52 Heavy Plow
29:25 Scale Mail Armor
29:42 Bow Saw
35:39 Imperial Age
34:01 Iron Casting
35:58 Gold Shaft Mining
36:07 Heavy Scorpion
38:40 Blast Furnace
38:39 Crop Rotation
38:26 Hand Cart
38:10 Capped Ram
38:33 Two-Handed Swordsman
39:44 Conscription
39:50 Chain Mail Armor
39:41 Champion
40:33 Siege Ram
43:15 Plate Mail Armor
44:16 Druzhina
44:30 Pikeman
45:20 Fletching
45:36 Halberdier
NoobForever
0:32 Loom
11:43 Feudal Age
14:55 Double-Bit Axe
14:52 Horse Collar
15:06 Gold Mining
15:06 Stone Mining
15:21 Stone Mining
21:26 Castle Age
31:19 Bow Saw
31:13 Heavy Plow
31:53 Stone Shaft Mining
31:53 Gold Shaft Mining
32:28 Gold Shaft Mining
33:15 Wheelbarrow
34:27 Caravan
39:01 Imperial Age
36:23 Town Watch
37:34 Hand Cart
38:24 Town Patrol
38:16 Fletching
38:26 Padded Archer Armor
39:08 Ballistics
38:45 Murder Holes
39:01 Masonry
40:05 Bodkin Arrow
40:25 Leather Archer Armor
41:31 Chemistry
41:09 Conscription
41:58 Bracer
42:28 Ring Archer Armor
43:55 Elite Chu Ko Nu
44:43 Capped Ram
Connection lost

Rejoining the realm…

Still unreachable

The connection could not be restored.

Session expired

The server has moved on; the page needs a fresh start.